 Dungeon Crawl Stone Soup version 0.30.1-9-gdf580d7c3d (webtiles) character file.

Game seed: 9260213070677801321

50 Ivernyr the Shield-Bearer (level 4, 37/37 HPs)
             Began as a Formicid Fighter on Sept 29, 2023.
             Got out of the dungeon alive.
             The game lasted 00:03:23 (1171 turns).

Ivernyr the Shield-Bearer (Formicid Fighter)        Turns: 1171, Time: 00:03:24

Health: 37/37      AC:  7    Str: 22    XL:     4   Next: 4%
Magic:  4/4        EV:  9    Int:  8    God:
Gold:   78         SH:  5    Dex: 13    Spells: 3/3 levels left

rFire   . . .        a - +0 flail
rCold   . . .        c - +0 buckler
rNeg    . . .        b - +0 scale mail
rPois   .            (helmet unavailable)
rElec   .            (no cloak)
rCorr   .            (no gloves)
SInv    +            (no boots)
Will    .....        (no amulet) Stlth
                     (no ring)
HPRegen 0.26/turn    (no ring)
MPRegen 0.09/turn

%: no passive effects
@: no status effects
A: permanent stasis, dig shafts and tunnels, antennae 3, four strong arms
a: Dig, Shaft Self


You escaped.
You visited 1 branch of the dungeon, and saw 2 of its levels.

You collected 78 gold pieces.

Inventory:

Hand Weapons
 a - a +0 flail (weapon)
Armour
 b - a +0 scale mail (worn)
 c - a +0 buckler (worn)
Scrolls
 g - 2 scrolls of identify {unknown}
 h - a scroll of torment {unknown}
 i - a scroll of enchant armour {unknown}
Potions
 d - 2 potions of might
 e - a potion of curing {unknown}
 f - a potion of heal wounds {unknown}
 j - a potion of attraction {unknown}
 k - a potion of degeneration {unknown}


   Skills:
 + Level 3.9 Fighting
 + Level 2.8 Maces & Flails
 + Level 3.9 Armour
 - Level 4.0 Shields


You had 3 spell levels left.
You didn't know any spells.
Your spell library contained the following spells:

 Spells                   Type           Power      Damage    Failure   Level
 Apportation              Tloc           0%         N/A       80%         1
 Alistair's Intoxication  Tmut/Pois      0%         N/A       100%        5


Dungeon Overview and Level Annotations

Branches:
Dungeon (2/15)

Altars:


Innate Abilities, Weirdness & Mutations

You cannot be hasted, slowed, berserked, paralysed or teleported.
You can dig through walls and to a lower floor.
You have a pair of large antennae on your head. (SInv)
Your four strong arms can wield two-handed weapons with a shield.


Message History

You kill the kobold!
You see here a +0 dagger.
You now have 71 gold pieces (gained 2).
You now have 78 gold pieces (gained 7).
A worm and a rat come into view.
There are monsters nearby!
The rat closely misses you.
You barely miss the rat. The rat barely misses you. The worm bites you.
You closely miss the rat. The rat bites you but does no damage.
The worm bites you! The rat barely misses you.
You sock the rat!
You kill the rat!
The worm bites you.
You hit the worm.
The worm is moderately wounded.
You sock the worm!
The worm is almost dead.
The worm bites you.
You sock the worm!
You kill the worm!
You have reached level 4!
You feel clever.
(D) Dungeon
Where to? (Enter - D:2, ? - help)
What level of the Dungeon? (default 1, ? - help)
There is a stone staircase leading up here.
You climb upwards.
There is a stone staircase leading down here.
There is an open door here.
There is an open door here.
You open the door.
There is an open door here.
HP restored.
As you open the door, it creaks loudly!
There is an open door here.
There is a staircase leading out of the dungeon here.
Are you sure you want to leave the Dungeon?
This will make you lose the game!
Alright, then stay!
Are you sure you want to leave the Dungeon?
This will make you lose the game!
You have escaped!

#.......#.#######...........#..#.
........#............#########...
#.......############.# #...
#.......# #.# #..> .....#### #.#
######.#. .....###############.#
#........ ....≈≈≈≈≈≈≈≈≈≈≈≈≈≈≈#.#
#........ ##.#≈####≈≈≈≈≈####≈#.#
#........ #.#≈#>.#######.@#≈#.#
#.......[ #.#≈#..+.....'..#≈#.#
######.#.
#.#≈##+###'###'##≈#.#########.#.
#.#≈≈#.#.....#.#≈≈#...........#.
#.#≈≈#.#..#..#.#≈≈..###########.
#.#≈≈#.#..#..#.#≈≈.##.........#.
#....'.'.8#8.'.+...##.#######.#.
###≈≈#.#..#..#.#≈≈###.#.....#.#.
#≈≈#.#..#..#.#≈≈###.......#.#.


There were no monsters in sight!

Vanquished Creatures
  A worm (D:2)
  3 dart slugs
  7 bats
  2 endoplasms (D:1)
  5 giant cockroaches
  2 goblins (D:1)
  3 hobgoblins
  4 jackals (D:1)
  5 ball pythons
  A frilled lizard (D:1)
  A kobold (D:2)
  3 rats
37 creatures vanquished.

Notes
Turn   | Place    | Note
-------+----------+-------------------------------------------
     0 | D:1      | Ivernyr the Formicid Fighter began the quest for the Orb.
     0 | D:1      | Reached XP level 1. HP: 18/18 MP: 1/1
   186 | D:1      | Reached XP level 2. HP: 23/24 MP: 2/2
   528 | D:1      | Reached XP level 3. HP: 30/30 MP: 3/3
  1079 | D:2      | Reached XP level 4. HP: 14/37 MP: 4/4
  1171 | D:$      | Got out of the dungeon alive.

Illustrated notes

Levels and vault maps discovered:
D:1:      heliophobic_arrival_glass_houses, layout_basic, serial_bayou,
          serial_bayou_pond_d, serial_bayou_crossing, serial_bayou_shore_a,
          serial_bayou_pond_a, minmay_cupped
D:2:      layout_loops_ring, serial_aquarium, aquarium_bridge_long_joined
          [aquarium_subvault_wall, aquarium_subvault_bridge,
          aquarium_subvault_wall, aquarium_subvault_bridge,
          aquarium_subvault_balcony, aquarium_subvault_balcony],
          aquarium_window_corner, aquarium_window_1, aquarium_view_2e,
          aquarium_balcony_1b, aquarium_pool_side

Action                     |  1- 3 |  4- 6 || total
---------------------------+-------+-------++-------
  Melee: Flail             |    88 |       ||    88
 Armour: Scale mail        |    50 |       ||    50
  Dodge: Dodged            |    36 |       ||    36
  Block: Buckler           |    33 |       ||    33
